AoeStats
← [PVS] ANIMAMUNDIS

Fortress

509777503Analyzed
4v4 RM · 5d ago on Sep 28, 2026· 18m 34s· 8 players
Game mode
Random Map
Map size
Huge
Population
200
Speed
Normal
Resources
Standard
Victory
Conquest
Starting age
Dark Age
Ending age
Imperial Age
RankedLock teamsTeams togetherTeam positionsShared explorationLock speedFull tech treeHidden civsTurbo modeCheats
Victory
Defeat
🇧🇴 Turks · Bolivia
1760
+8
🇨🇴 Burmese · Colombia
1448
+20
🇲🇽 Britons · Mexico
1329
+25
🇨🇱 Spanish · Chile
1093
+30
🇧🇷 Mongols · Brazil
1562
-22
🇦🇷 Portuguese · Argentina
1556
-21
🇧🇷 Persians · Brazil
1507
-20
🇨🇴 Britons · Colombia
1499
-20
Cadora
2:04 Loom
7:31 Feudal Age
11:33 Castle Age
9:38 Double-Bit Axe
9:38 Horse Collar
14:19 Wheelbarrow
14:37 Bow Saw
INDIO
7:09 Feudal Age
10:50 Castle Age
8:59 Double-Bit Axe
10:40 Horse Collar
14:45 Loom
MZTK I Kazoo
7:45 Feudal Age
12:00 Castle Age
10:17 Double-Bit Axe
17:30 Fletching
17:27 Loom
SS_T3q
7:10 Feudal Age
11:08 Castle Age
9:25 Double-Bit Axe
9:21 Horse Collar
10:11 Loom
12:50 Bow Saw
15:25 Fletching
17:25 Bodkin Arrow
[PVS] ANIMAMUNDIS
6:54 Feudal Age
7:39 Horse Collar
8:37 Double-Bit Axe
12:54 Castle Age
12:56 Gold Mining
16:43 Husbandry
16:50 Heavy Plow
[PVS] JUANJOM98
5:29 Loom
8:01 Feudal Age
12:02 Castle Age
10:42 Padded Archer Armor
10:40 Gold Mining
11:02 Town Watch
13:48 Wheelbarrow
13:51 Bloodlines
13:41 Husbandry
IsamelChacon
0:29 Loom
6:16 Feudal Age
11:20 Castle Age
9:58 Double-Bit Axe
10:30 Horse Collar
13:33 Wheelbarrow
NOBLE FLAMIGO
7:10 Feudal Age
10:47 Castle Age
9:07 Double-Bit Axe
10:00 Horse Collar
11:38 Bow Saw
Connection lost

Rejoining the realm…

Still unreachable

The connection could not be restored.

Session expired

The server has moved on; the page needs a fresh start.